 Dungeon Crawl Stone Soup version 0.19.3-1-g3169bf9 (webtiles) character file.

1121 ChocoTaco the Spear-Bearer (level 8, -3/62 HPs)
             Began as a Merfolk Gladiator on Jan 25, 2017.
             Slain by an orc warrior
             ... wielding a +0 battleaxe
              (21 damage)
             ... on level 5 of the Dungeon.
             The game lasted 00:07:53 (6172 turns).

ChocoTaco the Spear-Bearer (Merfolk Gladiator)      Turns: 6172, Time: 00:07:54

Health: -3/62      AC: 12    Str: 18    XL:     8   Next: 34%
Magic:  8/8        EV:  7    Int:  7    God:
Gold:   229        SH:  7    Dex: 14    Spells: 0 memorised, 7 levels left

rFire  . . .     SeeInvis .     a - +0 trident
rCold  . . .     Gourm    .     u - +0 chain mail
rNeg   . . .     Faith    .     y - +0 shield
rPois  .         Spirit   .     c - +0 helmet
rElec  .         Reflect  .     B - +0 cloak
rCorr  .         Harm     .     s - +0 pair of gloves
MR     .....                    (no boots)
Stlth  ..........               (no amulet)
                                (no ring)
                                (no ring)

@: no status effects
A: change form in water, swift swim, stealthy swim
a: no special abilities


You were on level 5 of the Dungeon.
You were hungry.

You visited 1 branch of the dungeon, and saw 6 of its levels.

You collected 229 gold pieces.

Inventory:

Hand Weapons
 a - a +0 trident (weapon)
Missiles
 d - 3 throwing nets (quivered)
 v - 34 poisoned needles
Armour
 c - a +0 helmet (worn)
 s - a +0 pair of gloves (worn)
 u - a +0 chain mail (worn)
 y - a +0 shield (worn)
 B - a +0 cloak (worn)
Scrolls
 g - a scroll of immolation {unknown}
 h - a scroll of fear {unknown}
 i - 3 scrolls of remove curse {unknown}
 n - 3 scrolls of identify {unknown}
 q - a scroll of noise {unknown}
 r - 3 scrolls of random uselessness {unknown}
 t - 3 scrolls of amnesia {unknown}
 x - a scroll of teleportation {unknown}
 C - a scroll of recharging {unknown}
 D - a scroll of blinking {unknown}
Potions
 b - a potion of cure mutation {unknown}
 e - 2 potions of magic {unknown}
 j - 2 potions of invisibility {unknown}
 m - 3 potions of agility {unknown}
 w - 2 potions of resistance {unknown}
 z - 2 potions of brilliance {unknown}
Comestibles
 f - 3 bread rations
 k - 3 fruits
 l - 3 meat rations


   Skills:
 + Level 5.0 Fighting
 - Level 9.0 Polearms
 + Level 4.2 Throwing
 + Level 2.7 Armour
 + Level 6.2 Dodging


You had 7 spell levels left.
You didn't know any spells.

Dungeon Overview and Level Annotations

Branches:
Dungeon (6/15)
 Temple: D:4-7

Altars:
Ashenzari
Nemelex Xobeh


Message History

* * * LOW HITPOINT WARNING * * *
Attack whom?
Press: ? - help, Dir - move target cursor, f/p - orc priest
Aim: an orc priest, wearing a ring mail (heavily wounded)
You reach to attack!
You hit the orc priest but do no damage.
The orc priest is heavily wounded.
You block the orc warrior's attack.
Attack whom?
Press: ? - help, Dir - move target cursor, f/p - orc priest
Aim: an orc priest, wearing a ring mail (heavily wounded)
You reach to attack!
You hit the orc priest.
The orc priest is almost dead.
Attack whom?
Press: ? - help, Dir - move target cursor, f/p - orc priest
Aim: an orc priest, wearing a ring mail (almost dead)
The orc warrior is in the way.
You hit the orc warrior.
The orc warrior is lightly wounded.
The orc warrior hits you with a battleaxe!!
You die...

§§§.§#...#§§§.§## ##...
§§§§.#...#§§§§.## #....
§§§§§#...#§§§§.## #....
§§§§§#.8.#§§§§.## ######### #....
§§§..#...#§§§§.## #.......# #....
######...######## #.......#####....
######'''####### #................
#####.....##.######o.>.............
..##.............@oo......#.###....
.......#.###.######o.....(..# #....
##...###.###.######.......### #....
#..#......................# #....
..###...#.##.###########.### ##...
###.......##.# ##...## #...### ##..
##..#.#.####.###.....#####...# ###
[.....#..###.##.......# ###.#
##....................# #.#


You could see an orc warrior, an orc priest and 2 orcs.

Vanquished Creatures
  The ghost of miculber the Pure, an amateur FoAK of Lugonu (D:4)
  A sky beast (D:4)
  2 ogres
  Blork the orc (D:4)
  A scorpion (D:5)
  A crimson imp (D:5)
  2 orc priests (D:5)
  Crazy Yiuf (D:3)
  2 orc wizards (D:5)
  Jessica (D:2)
  A centaur skeleton (D:4)
  2 iguanas (D:4)
  3 worker ants
  2 hound skeletons (D:5)
  6 adders
  A shadow imp (D:5)
  2 oozes
  3 worms
  2 dart slugs
  6 leopard geckos
  10 orcs
  A ball python (D:5)
  3 giant cockroaches
  4 goblins
  4 hobgoblins
  10 jackals
  6 kobolds
  2 quokkas (D:3)
  6 bats
  5 frilled lizards
  A giant cockroach zombie (D:5)
  A jackal skeleton (D:4)
  5 rats
  A plant (D:1)
100 creatures vanquished.

Vanquished Creatures (others)
  An adder (D:5)
  A plant (D:1)
2 creatures vanquished.

Grand Total: 102 creatures vanquished

Notes
Turn   | Place    | Note
-------+----------+-------------------------------------------
     0 | D:1      | ChocoTaco the Merfolk Gladiator began the quest for the Orb.
     0 | D:1      | Reached XP level 1. HP: 16/16 MP: 1/1
    47 | D:1      | Reached skill level 5 in Polearms
    64 | D:1      | Reached XP level 2. HP: 22/22 MP: 2/2
   565 | D:1      | Reached skill level 6 in Polearms
   565 | D:1      | Reached XP level 3. HP: 27/27 MP: 3/3
  1229 | D:2      | Noticed Jessica
  1240 | D:2      | Killed Jessica
  1240 | D:2      | Reached XP level 4. HP: 33/33 MP: 4/4
  1271 | D:2      | Reached skill level 7 in Polearms
  2360 | D:3      | Reached skill level 8 in Polearms
  2360 | D:3      | Reached XP level 5. HP: 38/38 MP: 5/5
  2420 | D:3      | Found a runed door.
  2756 | D:3      | Noticed Crazy Yiuf
  2763 | D:3      | Killed Crazy Yiuf
  2951 | D:4      | Reached skill level 9 in Polearms
  2980 | D:4      | Noticed miculber's ghost (amateur FoAK)
  3058 | D:4      | Noticed Blork the orc
  3069 | D:4      | Killed Blork the orc
  3069 | D:4      | Reached XP level 6. HP: 29/46 MP: 6/6
  3219 | D:4      | Killed miculber's ghost
  3219 | D:4      | Reached skill level 1 in Armour
  3219 | D:4      | Reached XP level 7. HP: 41/52 MP: 7/7
  3530 | D:4      | Reached skill level 5 in Dodging
  3943 | D:5      | Entered Level 5 of the Dungeon
  4773 | D:5      | Reached XP level 8. HP: 42/61 MP: 8/8
  5056 | D:5      | Found a sparkling altar of Nemelex Xobeh.
  5233 | D:5      | Found a shattered altar of Ashenzari.
  5760 | D:4      | Reached skill level 5 in Fighting
  6172 | D:5      | Slain by an orc warrior

Skill      XL: |  1  2  3  4  5  6  7  8 |
---------------+-------------------------+-----
Polearms       | 5 6 8 9 |  9.0
Fighting       | 3 4 5 |  5.0
Armour         | 1 2 |  2.7
Throwing       | 3 4 |  4.2
Dodging        | 5 6 |  6.2

Action                   |  1- 3 |  4- 6 |  7- 9 || total
-------------------------+-------+-------+-------++-------
Melee: Trident           |   125 |   109 |   175 ||   409
       Quarterstaff      |       |    31 |    54 ||    85
  Use: Potion            |       |     2 |     2 ||     4
 Stab: Sleeping          |       |     1 |       ||     1
  Eat: Chunk             |       |     7 |     6 ||    13
       Royal jelly       |       |       |     1 ||     1
       Beef jerky        |       |       |     1 ||     1
Armor: Leather armour    |    18 |     3 |       ||    21
       Chain mail        |       |    53 |   108 ||   161
Dodge: Dodged            |    41 |    47 |    54 ||   142
Block: Shield            |       |     9 |    38 ||    47
